Map: King's Cove LE

Players

MarineLorD

  • Race: Terran Terran
  • Spawn Location: 5:00

uThermal - Winner!

  • Race: Terran Terran
  • Spawn Location: 11:00

Event: 2019 WCS Summer

VOD

Have the link to the VOD?

Description

Time

  • Played on: July 12, 2019, 3:19 p.m.
  • Length: 16:36

All games in this series

Show
View Real Time Build Order
Export as new Build Order

MarineLorD Terran 

Build Orders:  

Get SALT Encoding   

  12  0:00  SCV  
  13  0:12  SCV  
  14  0:17  Supply Depot  
  14  0:24  SCV  
  15  0:28  Refinery  
  15  0:39  SCV  
  16  0:45  Barracks  
  16  0:51  SCV  
  17  0:57  Refinery  
  17  1:03  SCV  
  18  1:15  SCV  
  19  1:32  Orbital Command, Reaper  
  20  1:36  Factory  
  20  1:45  Supply Depot  
  20  1:57  SCV  
  21  2:04  Reaper  
  22  2:09  SCV  
  23  2:20  Hellion  
  23  2:22  SCV  
  26  2:30  Command Center  
  26  2:34  SCV  
  28  2:37  Reaper  
  28  2:42  Hellion  
  30  2:46  SCV  
  30  2:47  Supply Depot  
  31  2:59  Starport  
  31  3:04  Factory Tech Lab  
  31  3:08  SCV  
  31  3:10  Barracks Tech Lab  
  31  3:20  SCV  
  31  3:22  Cyclone  
  35  3:28  Refinery  
  35  3:32  SCV  
  36  3:38  Barracks Reactor  
  36  3:42  Orbital Command  
  36  3:45  SCV  
  37  3:51  Raven  
  39  3:57  SCV  
  40  4:09  SCV  
  38  4:10  SCV  
  38  4:12  Siege Tank  
  38  4:16  Marine x2  
  42  4:21  SCV  
  42  4:22  SCV  
  44  4:29  Supply Depot  
  44  4:33  SCV  
  44  4:34  Raven, Marine  
  44  4:35  Marine, SCV  
  50  4:45  SCV  
  50  4:47  SCV  
  50  4:49  Cyclone  
  54  4:57  SCV  
  54  4:58  Command Center  
  54  4:59  SCV  
  56  5:01  Marine x2  
  58  5:07  Refinery  
  58  5:09  SCV, Supply Depot  
  58  5:11  SCV  
  60  5:17  Raven  
  60  5:18  Supply Depot  
  62  5:30  Siege Tank, Marine x2, SCV x2  
  68  5:43  SCV x2  
  68  5:47  Engineering Bay  
  68  5:48  Engineering Bay  
  70  5:50  Supply Depot  
  70  5:55  SCV x2  
  72  6:03  Siege Tank, Supply Depot  
  75  6:07  SCV x2  
  75  6:10  Viking x2  
  81  6:13  Orbital Command  
  81  6:18  Marine  
  81  6:19  SCV  
  81  6:20  Stimpack  
  81  6:22  SCV  
  81  6:25  Terran Infantry Weapons Level 1  
  84  6:26  Terran Infantry Armor Level 1  
  84  6:31  SCV  
  85  6:34  SCV  
  85  6:35  Siege Tank  
  85  6:39  Orbital Command  
  89  6:41  Viking  
  89  6:43  SCV  
  89  6:46  SCV  
  92  6:48  Viking  
  92  6:53  Barracks  
  94  6:54  Barracks  
  94  6:55  SCV  
  94  6:57  Supply Depot  
  94  6:58  SCV  
  96  7:04  Marine  
  96  7:07  SCV  
  98  7:10  SCV  
  98  7:11  Viking  
  98  7:12  SCV  
  102  7:18  Viking  
  102  7:19  SCV  
  102  7:22  Supply Depot  
  107  7:23  Marauder, Supply Depot  
  107  7:26  SCV x2  
  107  7:28  Refinery  
  107  7:29  Refinery  
  109  7:31  SCV  
  110  7:38  SCV x2  
  110  7:41  Viking  
  110  7:44  SCV  
  115  7:45  Barracks Reactor, Barracks Tech Lab  
  115  7:48  Viking  
  115  7:50  SCV, Command Center  
  118  7:53  SCV  
  118  7:56  Marauder  
  118  7:57  Supply Depot  
  118  7:58  Supply Depot  
  121  7:59  SCV  
  121  8:02  SCV  
  121  8:05  Armory  
  123  8:06  Armory  
  123  8:09  Combat Shield, Marauder  
  123  8:10  SCV  
  126  8:14  Refinery  
  126  8:15  Refinery  
  126  8:16  Viking  
  126  8:18  Viking  
  130  8:28  Marauder  
  130  8:29  Marine x2  
  130  8:30  Marauder, Starport  
  130  8:31  Starport  
  130  8:32  SCV x2  
  130  8:33  SCV  
  139  8:44  SCV, Supply Depot  
  139  8:45  SCV x2, Supply Depot  
  142  8:49  Viking x2  
  146  8:56  Terran Infantry Weapons Level 2  
  146  8:57  Terran Vehicle And Ship Armor Level 1, SCV, Terran Ship Weapons Level 1  
  143  9:10  Starport Reactor  
  143  9:11  Raven  
  143  9:13  Corvid Reactor  
  143  9:15  Command Center  
  143  9:18  Barracks  
  143  9:19  Barracks, Orbital Command  
  143  9:20  SCV x3  
  146  9:24  Viking  
  146  9:25  Viking  
  146  9:29  Marauder  
  146  9:30  Marine x2, Marauder  
  156  9:36  Liberator x2  
  155  9:41  Liberator  
  155  9:42  Supply Depot  
  155  9:43  Liberator, Supply Depot  
  155  9:45  Supply Depot, Fusion Core  
  155  9:54  Command Center  
  164  10:04  Marauder  
  164  10:05  Marauder  
  170  10:11  Barracks Reactor, Marine x2, Barracks Tech Lab  
  171  10:15  SCV x3  
  172  10:24  Raven  
  172  10:25  Marauder, Starport  
  172  10:26  Starport  
  176  10:32  Terran Infantry Armor Level 2  
  176  10:36  Orbital Command  
  176  10:38  Command Center x2  
  176  10:50  Viking x4  
  181  11:01  Marauder  
  181  11:09  Terran Ship Weapons Level 2  
  181  11:10  Missile Turret x2, Sensor Tower  
  183  11:20  Viking  
  183  11:24  Viking  
  183  11:25  Viking  
  182  11:27  Liberator  
  182  11:29  Marauder, Marine  
  182  11:31  Viking  
  185  11:33  Starport Tech Lab x2, Liberator  
  185  11:37  Liberator  
  184  12:00  Command Center  
  179  12:02  Command Center  
  157  12:11  Raven x2  
  160  12:16  Liberator  
  160  12:18  Orbital Command, Refinery  
  160  12:20  Refinery  
  160  12:22  Terran Vehicle And Ship Armor Level 2  
  160  12:23  Terran Infantry Weapons Level 3, Command Center  
  160  12:24  Orbital Command x2  
  160  12:26  Medivac  
  160  12:31  Medivac  
  165  12:39  Marine x4  
  165  12:41  Marauder x2  
  168  12:57  SCV x3  
  168  12:58  SCV x3  
  167  13:01  SCV  
  167  13:02  Marauder, Marine  
  167  13:05  SCV  
  167  13:09  Marauder, SCV x2  
  167  13:10  SCV  
  167  13:11  SCV x2  
  167  13:12  SCV  
  171  13:21  Raven x3  
  171  13:23  Missile Turret  
  171  13:25  Terran Ship Weapons Level 3  
  177  13:31  SCV x5  
  182  13:36  SCV  
  182  13:37  Orbital Command, Missile Turret  
  182  13:41  SCV x2  
  182  13:45  SCV  
  182  13:47  Liberator x2  
  182  13:48  Liberator x2  
  180  13:52  SCV  
  174  13:57  SCV  
  174  14:00  Advanced Ballistics  
  174  14:01  Liberator x3  
  174  14:02  SCV  
  170  14:06  Marauder x2  
  170  14:07  SCV x3  
  185  14:12  SCV  
  185  14:23  Marauder, Marine x2, Supply Depot  
  198  14:28  Marauder  
  200  14:34  Liberator  
  200  14:35  Liberator x2  
  200  14:49  Liberator x3  
  186  15:08  Liberator  
  173  15:17  Marauder, Liberator  
  173  15:19  Marauder, Marine  
  169  15:22  Marauder  
  153  15:29  Marine x3  
  153  15:35  Liberator  
  155  15:37  Marine  
  155  15:38  Marauder  
  155  15:40  Marine  
  154  15:42  Marine  
  154  15:47  Marine x3  
  134  15:55  Marine  
  131  15:59  Marauder x2  
  131  16:01  Marauder  
  119  16:04  Marine  
  119  16:05  Marine x2  
  115  16:20  SCV x3  
Show
View Real Time Build Order
Export as new Build Order

uThermal Terran - Winner!

Build Orders: Cyclone Opening, Mech 

Get SALT Encoding   

  12  0:02  SCV  
  13  0:14  SCV  
  14  0:18  Supply Depot  
  14  0:26  SCV  
  15  0:29  Refinery  
  15  0:40  SCV  
  16  0:46  Barracks  
  16  0:52  SCV  
  17  0:57  Refinery  
  18  1:04  SCV  
  18  1:16  SCV  
  20  1:32  Orbital Command, Reaper  
  20  1:40  Factory  
  20  1:54  Supply Depot  
  20  1:58  SCV  
  21  2:06  Barracks Tech Lab  
  21  2:10  SCV  
  22  2:23  SCV  
  23  2:30  Cyclone  
  23  2:35  SCV  
  27  2:41  Command Center  
  27  2:49  Supply Depot  
  27  2:50  SCV  
  28  2:52  Barracks Reactor  
  28  3:02  Cyclone  
  31  3:10  SCV  
  31  3:21  Starport  
  31  3:22  SCV  
  32  3:29  Marine x2  
  34  3:34  SCV  
  35  3:41  Refinery  
  35  3:42  Factory Tech Lab  
  35  3:43  Supply Depot  
  35  3:46  Marine, SCV  
  35  3:47  Marine  
  38  3:59  SCV  
  39  4:06  Marine  
  37  4:11  Siege Tank  
  37  4:12  Raven, Marine  
  37  4:14  Orbital Command  
  42  4:17  SCV  
  43  4:24  Marine  
  43  4:29  SCV  
  43  4:30  Marine  
  46  4:39  SCV  
  46  4:42  Marine, SCV  
  46  4:43  Siege Tank  
  51  4:48  Marine  
  51  4:51  SCV  
  53  4:55  Raven  
  53  4:56  SCV  
  56  5:03  SCV  
  56  5:07  Command Center  
  57  5:10  SCV  
  58  5:16  Refinery, SCV  
  58  5:19  Siege Tank  
  62  5:25  Supply Depot  
  62  5:27  Supply Depot  
  62  5:38  SCV x2  
  60  5:45  Viking  
  60  5:46  Viking  
  64  5:50  SCV  
  64  5:51  Siege Tank  
  64  5:54  SCV  
  69  6:03  Armory, SCV  
  70  6:04  Armory  
  70  6:07  SCV  
  70  6:10  Supply Depot  
  71  6:14  Viking  
  71  6:15  SCV  
  74  6:21  Viking  
  74  6:22  SCV  
  77  6:27  SCV  
  77  6:29  Siege Tank  
  79  6:34  SCV  
  79  6:39  SCV  
  81  6:42  Orbital Command  
  81  6:46  Viking, SCV  
  84  6:51  Viking, SCV  
  87  6:55  Refinery x2  
  87  6:58  SCV  
  87  7:00  Engineering Bay  
  87  7:02  Terran Vehicle And Ship Armor Level 1, Terran Vehicle Weapons Level 1  
  87  7:04  SCV  
  88  7:09  SCV  
  88  7:10  Siege Tank, SCV  
  93  7:16  Engineering Bay  
  93  7:18  SCV  
  93  7:19  Supply Depot  
  94  7:23  SCV x2  
  94  7:26  Viking  
  98  7:30  Viking  
  98  7:32  SCV  
  101  7:41  SCV x2  
  101  7:43  Factory  
  103  7:44  Factory  
  103  7:45  Barracks Reactor  
  103  7:47  Siege Tank  
  103  7:48  SCV  
  107  7:52  Supply Depot  
  107  7:58  Sensor Tower  
  107  8:00  Missile Turret x2  
  107  8:02  SCV  
  108  8:07  Supply Depot  
  108  8:10  Viking  
  109  8:13  Viking, SCV x2  
  109  8:15  Supply Depot  
  109  8:19  SCV  
  114  8:21  Siege Tank  
  117  8:28  Siege Tank, SCV  
  117  8:30  Supply Depot  
  121  8:35  Hellion x2  
  121  8:37  SCV x2  
  121  8:40  Viking  
  129  8:43  Viking  
  131  8:50  SCV  
  132  8:57  Siege Tank, Hellion x2  
  139  9:04  SCV  
  139  9:07  SCV  
  139  9:09  Command Center  
  139  9:11  Terran Vehicle Weapons Level 2, Terran Vehicle And Ship Armor Level 2  
  139  9:12  Viking  
  141  9:18  Supply Depot  
  141  9:19  Viking, SCV x3  
  146  9:29  Hellion  
  148  9:33  SCV, Factory  
  148  9:34  Factory  
  148  9:37  Supply Depot  
  149  9:39  Siege Tank, Hellion  
  149  9:42  SCV  
  149  9:43  Supply Depot  
  149  9:44  SCV  
  156  9:47  Viking  
  157  9:57  Infernal Pre-Igniter  
  157  9:58  Smart Servos  
  157  9:59  Viking  
  158  10:02  SCV x2, Supply Depot  
  160  10:08  Hellion  
  160  10:12  Supply Depot  
  165  10:15  Refinery  
  165  10:17  Refinery  
  165  10:18  Factory Tech Lab, Factory Reactor  
  165  10:20  Hellion  
  167  10:21  Planetary Fortress  
  167  10:26  Thor  
  170  10:31  Thor  
  170  10:34  Hellion  
  175  10:37  Supply Depot  
  175  10:38  Supply Depot  
  175  10:43  Thor  
  180  10:51  Command Center  
  180  10:52  Viking  
  180  10:54  Viking  
  184  11:02  Hellion x3  
  184  11:03  Hellion  
  184  11:09  Hellion  
  186  11:14  Hellion  
  188  11:19  SCV  
  188  11:20  SCV  
  188  11:22  Viking  
  188  11:24  Hellion  
  188  11:25  Hellion  
  182  11:26  Thor  
  182  11:30  Siege Tank  
  172  11:35  Siege Tank, Hellion  
  172  11:38  Viking  
  176  11:40  Hellion  
  176  11:45  Hellion  
  178  11:47  Hellion  
  178  11:53  Command Center  
  180  11:56  Hellion  
  178  12:01  Hellion  
  178  12:02  Thor  
  178  12:06  Hellion  
  178  12:07  Thor  
  164  12:09  Siege Tank, Hellion  
  164  12:15  Terran Vehicle Weapons Level 3  
  159  12:17  Hellion  
  159  12:21  Viking x2  
  159  12:22  Hellion  
  167  12:29  Missile Turret  
  167  12:32  Hellion  
  167  12:34  Refinery, Missile Turret  
  167  12:36  Refinery  
  169  12:39  Planetary Fortress  
  169  12:41  Siege Tank, Sensor Tower  
  172  12:45  Siege Tank  
  172  12:50  Siege Tank  
  172  12:51  Viking  
  180  13:00  Viking, Hellion x2  
  180  13:08  SCV  
  180  13:10  Hellion x2  
  183  13:12  Terran Vehicle And Ship Armor Level 3  
  183  13:14  Siege Tank  
  183  13:16  SCV  
  183  13:17  Thor  
  185  13:22  Thor  
  191  13:30  Command Center  
  191  13:32  Missile Turret  
  191  13:34  Viking  
  193  13:45  Thor  
  195  13:58  Hellion  
  195  14:00  Siege Tank  
  200  14:16  Command Center  
  194  14:18  Command Center, Fusion Core  
  194  14:19  Starport  
  194  14:20  Thor  
  194  14:21  Starport  
  198  14:49  Viking  
  198  14:52  Thor  
  196  14:54  Thor  
  194  15:17  Thor  
  186  15:30  Hellion  
  186  15:32  Planetary Fortress  
  186  15:35  Thor  
  194  15:37  Thor  
  194  15:40  Refinery  
  200  15:43  Refinery  
  194  15:52  Viking  
  194  15:54  Hellion  
  177  16:01  Missile Turret  
  171  16:06  Hellion x2  
Tags
 
Add a new tag
Caveats
  • Supply blocks, unpowered buildings, or Contaminate may cause inaccurate times.
  • Supply counts are checked every 10 seconds.